 Dungeon Crawl Stone Soup version 0.15-a0-1798-g4683f23 (webtiles) character file.

21482 Impoz the Hoplite (level 13, 0/111 HPs)
             Began as a Formicid Fighter on June 30, 2014.
             Was a High Priest of Makhleb.
             Slain by a 11-headed hydra (1 damage)
             ... on Level 13 of the Dungeon.
             The game lasted 01:03:26 (14644 turns).

Impoz the Hoplite (Formicid Fighter)               Turns: 14644, Time: 01:03:26

HP   0/111       AC 14     Str 21      XL: 13   Next: 20%
MP  17/17        EV  7     Int  9      God: Makhleb [*****.]
Gold 583         SH 14     Dex 18      Spells:  0 memorised, 12 levels left

rFire  . . .     SeeInvis +     a - +7 claymore (slice)
rCold  . . .     Clarity  .     v - +3 chain mail {rN+}
rNeg   + . .     rCorr    .     c - +0 shield
rPois  .         rRot     .     (helmet unavailable)
rElec  .         Spirit   .     B - +0 cloak (curse)
SustAb .         Warding  .     N - +0 pair of gloves (curse)
rMut   .         Stasis   +     (no boots)
Gourm  .                        (no amulet)
MR     +....                    y - ring of regeneration
                                o - +4 ring of dexterity

@: somewhat resistant to hostile enchantments, extremely unstealthy
A: permanent stasis, dig shafts and tunnels, four strong arms, antennae 3
a: Dig, Shaft Self, Minor Destruction, Lesser Servant of Makhleb, Major
Destruction, Greater Servant of Makhleb, Renounce Religion


You were on level 13 of the Dungeon.
You worshipped Makhleb.
Makhleb was extremely pleased with you.
You were very hungry.

You visited 2 branches of the dungeon, and saw 14 of its levels.

You collected 765 gold pieces.
You spent 182 gold pieces at shops.

Inventory:

Hand weapons
 a - a +7 claymore of slicing (weapon)
 F - the -2 falchion of the Wheel {flame, rC+}
   (You found it on level 8 of the Dungeon)

   It emits flame when wielded, causing extra injury to most foes and up to
   double damage against particularly susceptible opponents.
   Big, fiery blades are also staple armaments of hydra-hunters.
   It protects you from cold.
 L - a +0 scimitar
Armour
 c - a +0 shield (worn)
 v - a +3 chain mail of positive energy (worn)
 B - a cursed +0 cloak (worn)
 N - a cursed +0 pair of gloves (worn)
Magical devices
 b - a wand of confusion (2)
 w - a wand of digging (6)
 K - a wand of flame (2)
Comestibles
 d - 12 bread rations
 k - 9 slices of pizza
 x - 36 fruits
 Q - 3 meat rations
 R - a beef jerky
Scrolls
 i - 3 scrolls of amnesia
 n - 8 scrolls of recharging
 s - 10 scrolls of remove curse
 z - a scroll of enchant armour
 C - 2 scrolls of fear
 D - 2 scrolls of magic mapping
 G - 5 scrolls of fog
Jewellery
 o - a +4 ring of dexterity (left hand)
 p - a +3 ring of evasion
 q - an uncursed ring of positive energy {unknown}
 y - a ring of regeneration (right hand)
 J - an uncursed ring of flight
 M - an uncursed amulet of stasis
 S - an uncursed ring of teleport control {unknown}
 T - an uncursed ring of protection from fire {unknown}
Potions
 e - 2 potions of poison {unknown}
 f - 3 potions of cure mutation {unknown}
 g - 3 potions of heal wounds
 h - 2 potions of mutation {unknown}
 j - 2 potions of restore abilities {unknown}
 l - a potion of experience {unknown}
 m - 7 potions of curing
 r - 2 potions of invisibility {unknown}
 A - 2 potions of agility
 E - a potion of brilliance {unknown}
 P - a potion of might
Books
 H - a book of Summonings

   Spells                             Type                      Level
   Abjuration                         Summoning                    3
   Recall                             Summoning/Translocation      3
   Shadow Creatures                   Summoning                    5
   Summon Demon                       Summoning                    5
   Summon Forest                      Summoning/Translocation      5
   Monstrous Menagerie                Summoning                    6
 I - a book of Wizardry

   Spells                             Type                      Level
   Agony                              Necromancy                   5
   Force Lance                        Conjuration                  5
   Dispersal                          Translocation                6
   Haste                              Charms                       6
   Invisibility                       Hexes                        6
   Spellforged Servitor               Conjuration/Summoning        7
 O - a book of Fire

   Spells                             Type                      Level
   Ignite Poison                      Fire/Transmutation           5
   Fireball                           Conjuration/Fire             5
   Bolt of Fire                       Conjuration/Fire             6
   Delayed Fireball                   Conjuration/Fire             7
   Ring of Flames                     Charms/Fire                  7
Miscellaneous
 u - a crystal ball of energy


   Skills:
 + Level 13.3 Fighting
 + Level 12.2 Long Blades
 - Level 3.2 Armour
 + Level 14.4 Shields


You had 12 spell levels left.
You didn't know any spells.

Dungeon Overview and Level Annotations

Branches:
Dungeon (13/15)            Temple (1/1) D:4             Orc (0/4) D:11
   Lair (0/8) D:11
 Vaults: D:13-14

Altars:
Ashenzari
Cheibriados
Dithmenos
Elyvilon
Fedhas
Gozag
Kikubaaqudgha
Makhleb
Nemelex Xobeh
Okawaru
Qazlal
Sif Muna
Trog
Vehumet
Xom
Yredelemnul
Zin
The Shining One

Shops:
D:5 *   D:7 [   D:8 (   D:11 (


Innate Abilities, Weirdness & Mutations

Your are under a permanent stasis effect.
You can dig through walls and to a lower floor.
Your four strong arms can wield two-handed weapons with a shield.
You have a pair of large antennae on your head (SInv).


Message History

* * * LOW HITPOINT WARNING * * *
The ten-headed hydra bites you but does no damage. x3
You lop one of the ten-headed hydra's heads off!
The nine-headed hydra grows two more!
You slice the 11-headed hydra!!
The 11-headed hydra is severely wounded.
You block the 11-headed hydra's attack. x2
The 11-headed hydra bites you!
* * * LOW HITPOINT WARNING * * *
The 11-headed hydra barely misses you.
The 11-headed hydra bites you but does no damage.
The 11-headed hydra closely misses you. You block the 11-headed hydra's attack.
The 11-headed hydra bites you but does no damage.
You block the 11-headed hydra's attack.
The 11-headed hydra bites you but does no damage. x2
The 11-headed hydra bites you.
* * * LOW HITPOINT WARNING * * *
The 11-headed hydra bites you.
* * * LOW HITPOINT WARNING * * *
The 11-headed hydra bites you.
You die...

##.....#######....#
#........#.#.#..#.#####
#.)..<..#.#(#.#.#(.#.#.
#.......#######.....#.#
##.....#.#.# ##Y...####
#Y...###.## #.......##
#.#### ### #.........
#.###########.%.....##
#.YZD@.Y...(#.#<..#.##
###########(Y.#.......
##T.#####.##
#.......... ####...####
#####


You could see a 11-headed hydra, 3 sheep and a yellow wasp zombie.

Vanquished Creatures
  A hydra (D:8)
  4 centaur warriors (D:13)
  An ice statue (D:8)
  5 hill giants
  A griffon (D:13)
  A gargoyle (D:11)
  An item mimic (D:13)
  A centaur zombie (D:11)
  3 trolls
  A centaur skeleton (D:10)
  3 two-headed ogres
  8 slime creatures (D:12)
  3 deep elf magi
  A shadow (D:13)
  Eustachio (D:5)
  A steam dragon (D:10)
  Grum (D:8)
  A hill giant skeleton (D:13)
  2 yaks (D:8)
  A wraith (D:12)
  2 hippogriffs (D:10)
  2 hungry ghosts
  25 ugly things
  Edmund (D:8)
  3 wargs (D:11)
  2 wolves (D:8)
  A soldier ant (D:12)
  2 mottled dragons (D:12)
  A water moccasin (D:8)
  6 ice beasts (D:8)
  2 orc warriors
  2 sky beasts
  3 yellow wasps
  8 ogres
  9 centaurs
  5 big kobolds
  Blork the orc (D:7)
  4 giant frogs
  3 eyes of draining
  A hippogriff zombie (D:12)
  A giant frog zombie (D:9)
  A hippogriff skeleton (D:9)
  5 jellies
  5 crimson imps
  A goliath beetle (D:7)
  Crazy Yiuf (D:3)
  A giant frog skeleton (D:8)
  6 hounds
  2 gnoll shamans
  12 worker ants
  A kobold skeleton (D:10)
  13 orc wizards
  A two-headed ogre skeleton (D:8)
  2 quasits
  4 orc priests
  2 sheep (D:8)
  A killer bee zombie (D:11)
  Jessica (D:3)
  Ijyb (D:3)
  An ogre skeleton (D:5)
  Terence (D:2)
  2 mummies
  A worker ant zombie (D:5)
  16 gnolls
  19 adders
  An inept item mimic (D:7)
  3 shadow imps
  2 giant mites
  4 worms
  An adder zombie (D:6)
  An adder skeleton (D:4)
  An orc zombie (D:6)
  2 oozes
  35 orcs
  A ball python (D:4)
  8 bats
  7 giant cockroaches
  14 hobgoblins
  2 quokkas
  A ball python skeleton (D:4)
  8 giant geckos
  A giant gecko skeleton (D:8)
  4 giant newts (D:2)
  13 goblins
  14 jackals
  24 kobolds
  2 kobold zombies (D:10)
  15 rats
  2 ballistomycetes (D:11)
391 creatures vanquished.

Vanquished Creatures (others)
  A giant spore (D:11)
1 creature vanquished.

Grand Total: 392 creatures vanquished

Notes
Turn   | Place    | Note
--------------------------------------------------------------
     0 | D:1      | Impoz, the Formicid Fighter, began the quest for the Orb.
     0 | D:1      | Reached XP level 1. HP: 18/18 MP: 1/1
   202 | D:1      | Reached skill level 4 in Shields
   202 | D:1      | Reached XP level 2. HP: 20/24 MP: 3/3
   778 | D:2      | Reached XP level 3. HP: 24/29 MP: 4/4
  1122 | D:2      | Found a white marble altar of Elyvilon.
  1124 | D:2      | Noticed Terence
  1134 | D:2      | Killed Terence
  1134 | D:2      | Reached XP level 4. HP: 29/37 MP: 5/5
  1781 | D:3      | Noticed Jessica
  1788 | D:3      | Killed Jessica
  1788 | D:3      | Reached XP level 5. HP: 37/42 MP: 7/7
  1792 | D:3      | Reached skill level 5 in Shields
  1886 | D:3      | Noticed Crazy Yiuf
  1898 | D:3      | Killed Crazy Yiuf
  2022 | D:3      | Reached XP level 6. HP: 45/49 MP: 8/8
  2027 | D:3      | Noticed an ogre
  2029 | D:3      | Noticed Ijyb
  2035 | D:3      | Killed Ijyb
  2043 | D:3      | Killed an ogre
  2043 | D:3      | Reached skill level 5 in Fighting
  2793 | D:4      | Reached XP level 7. HP: 12/56 MP: 9/9
  3127 | D:4      | Reached skill level 6 in Shields
  3160 | D:4      | Found a staircase to the Ecumenical Temple.
  3193 | Temple   | Entered the Ecumenical Temple
  3286 | Temple   | Became a worshipper of Makhleb the Destroyer
  3659 | D:5      | Entered Level 5 of the Dungeon
  3787 | D:5      | Reached skill level 5 in Long Blades
  3859 | D:5      | Noticed Eustachio
  3871 | D:5      | Reached XP level 8. HP: 22/64 MP: 11/11
  3894 | D:5      | Killed Eustachio
  4097 | D:5      | Found Khiptaqean's Assorted Antiques.
  4106 | D:5      | Bought an opal ring for 130 gold pieces
  4106 | D:5      | Bought a scroll labeled INAPNI CUOCS for 26 gold pieces
  4106 | D:5      | Bought a scroll labeled KAINENE GAGUE for 26 gold pieces
  4151 | D:5      | Reached skill level 7 in Shields
  4388 | D:5      | Acquired Makhleb's first power
  5734 | D:6      | Reached skill level 8 in Shields
  5734 | D:6      | Reached XP level 9. HP: 60/72 MP: 12/12
  6076 | D:7      | Noticed Blork the orc
  6089 | D:7      | Killed Blork the orc
  6114 | D:7      | Noticed a hill giant
  6122 | D:7      | Killed a hill giant
  6122 | D:7      | Reached skill level 9 in Shields
  6280 | D:7      | Acquired Makhleb's second power
  6674 | D:7      | Found Fogice's Armour Shoppe.
  6843 | D:8      | Noticed Edmund
  6864 | D:8      | Killed Edmund
  7016 | D:8      | Reached XP level 10. HP: 82/82 MP: 13/13
  7069 | D:8      | Reached skill level 10 in Shields
  7091 | D:8      | Noticed a three-headed hydra
  7099 | D:8      | Killed a four-headed hydra
  7363 | D:8      | Noticed Grum
  7365 | D:8      | Acquired Makhleb's third power
  7378 | D:8      | Killed Grum
  7555 | D:8      | Noticed an ice statue
  7987 | D:8      | Killed an ice statue
  7987 | D:8      | Reached skill level 10 in Fighting
  7987 | D:8      | Reached skill level 11 in Shields
  7990 | D:8      | Got an iridescent falchion
  7991 | D:8      | Identified the cursed -2 falchion of the Wheel {flame, rC+} (You found it on level 8 of the Dungeon)
  8281 | D:8      | Found Oduddoleto's Weapon Shoppe.
  8430 | D:8      | Found a glowing silver altar of Zin.
  8804 | D:9      | Reached XP level 11. HP: 88/91 MP: 15/15
  9659 | D:10     | Entered Level 10 of the Dungeon
  9904 | D:10     | Acquired Makhleb's fourth power
 10270 | D:10     | Reached skill level 12 in Shields
 10574 | D:10     | Reached skill level 10 in Long Blades
 11044 | D:11     | Found a staircase to the Lair.
 11247 | D:11     | Found Nagum's Weapon Emporium.
 11292 | D:11     | Noticed a hill giant
 11317 | D:11     | Killed a hill giant
 11650 | D:11     | Found a staircase to the Orcish Mines.
 11653 | D:11     | Noticed a hill giant
 11711 | D:11     | Killed a hill giant
 11768 | D:11     | Acquired Makhleb's fifth power
 11824 | D:11     | Noticed a hill giant
 11871 | D:11     | Killed a hill giant
 11945 | D:11     | Reached XP level 12. HP: 91/102 MP: 16/16
 12696 | D:11     | Reached skill level 13 in Shields
 13253 | D:12     | Identified a scroll of acquirement
 14050 | D:13     | Noticed a centaur warrior
 14052 | D:13     | Noticed a centaur warrior
 14054 | D:13     | Killed a centaur warrior
 14061 | D:13     | Killed a centaur warrior
 14137 | D:13     | Noticed a seven-headed hydra
 14138 | D:13     | Noticed a centaur warrior
 14166 | D:13     | Killed a centaur warrior
 14258 | D:13     | Reached skill level 14 in Shields
 14263 | D:13     | Reached XP level 13. HP: 111/111 MP: 17/17
 14370 | D:13     | Noticed a centaur warrior
 14375 | D:13     | Killed a centaur warrior
 14644 | D:13     | HP: 1/111 [11-headed hydra (5)]
 14644 | D:13     | Slain by a 11-headed hydra

Action                   |  1- 3 |  4- 6 |  7- 9 | 10-12 | 13-15 || total
-------------------------+-------+-------+-------+-------+-------++-------
Melee: Long sword        |    98 |   197 |   402 |       |       ||   697
       Scimitar          |       |       |    56 |   185 |       ||   241
       Falchion          |       |       |       |  1077 |       ||  1077
       Claymore          |       |       |       |   106 |    77 ||   183
Invok: Minor Destruction |       |       |       |     1 |       ||     1
 Abil: Dig               |       |       |       |     7 |       ||     7
Evoke: Wand              |       |     2 |    10 |    42 |     5 ||    59
  Use: Scroll            |       |       |     7 |    18 |       ||    25
       Potion            |       |       |     3 |     4 |     1 ||     8
 Stab: Confused          |       |       |       |     3 |       ||     3
       Distracted        |       |       |       |     1 |       ||     1
